 Dungeon Sprint DCSS version 0.19.0-24-gb05acd6 (webtiles) character file.

3600000 igo the Conqueror (level 24, -3/249 HPs)
             Began as a Ghoul Warper on Nov 22, 2016.
             Was the Champion of Makhleb.
             Slain by The Servant
             ... wielding a +9 glaive of flaming
              (20 damage)
             ... in the Dungeon (Sprint VIII: "Arena of Blood").
             The game lasted 00:01:32 (36 turns).

igo the Conqueror (Ghoul Warper)                      Turns: 36, Time: 00:01:32

Health: -3/249     AC:  6    Str: 19    XL:     24   Next: 57%
Magic:  10/53      EV: 31    Int:  8    God:    Makhleb [******]
Gold:   0          SH:  0    Dex: 15    Spells: 0 memorised, 77 levels left

rFire  . . .     SeeInvis .     l - +∞ Axe of Woe
rCold  + . .     Gourm    .     b - +0 leather armour
rNeg   + + +     Faith    .     (shield currently unavailable)
rPois  ∞         Spirit   .     (no helmet)
rElec  .         Reflect  .     (no cloak)
rCorr  .         Harm     .     (no gloves)
MR     +....     NoTele   +     (no boots)
Stlth  +++++++++.               (no amulet)
                                (no ring)
                                (no ring)

@: rotting
A: rotting body, claws 1, carnivore 3, cold resistance 1, negative energy
resistance 3, slow regeneration 1, torment resistance, unbreathing
a: Minor Destruction, Lesser Servant of Makhleb, Major Destruction, Greater
Servant of Makhleb, Renounce Religion


You were in the Dungeon.
You worshipped Makhleb.
Makhleb was exalted by your worship.
You were not hungry.

You visited 1 branch

Inventory:

Hand Weapons
 a - a +0 hand axe
 l - the +∞ Axe of Woe (weapon)
   (You found it in the Dungeon)
Missiles
 e - 5 tomahawks of dispersal (quivered)
Armour
 b - a +0 leather armour (worn)
Jewellery
 m - a +30 ring of slaying
Scrolls
 d - 2 scrolls of blinking
Potions
 g - a potion of curing
 h - a potion of heal wounds
 i - a potion of haste
 j - 2 potions of magic
 k - a potion of berserk rage
Books
 c - a book of Spatial Translocations

   Spells                             Type                      Level
   a - Blink                          Translocation                2
   b - Shroud of Golubria             Charms/Translocation         2
   c - Lesser Beckoning               Translocation                3
   d - Portal Projectile              Translocation                3
   e - Teleport Other                 Translocation                3
   f - Passage of Golubria            Translocation                4
Comestibles
 f - a meat ration


   Skills:
 O Level 27 Fighting
 O Level 27 Axes
 O Level 27 Throwing
 O Level 27 Armour
 O Level 27 Dodging
 O Level 27 Stealth
 O Level 27 Unarmed Combat
 O Level 27 Spellcasting
   Level 2.6 Translocations
 O Level 27 Invocations


You had 77 spell levels left.
You didn't know any spells.

Dungeon Overview and Level Annotations

Branches:
Dungeon (1/1)

Altars:
Makhleb

Annotations:
D The Servant


Innate Abilities, Weirdness & Mutations

Your body is rotting away.
You thrive on raw meat.
You are immune to poison.
You have sharp fingernails.
You are carnivorous and can eat meat at any time.
Your flesh is cold resistant. (rC+)
You are immune to negative energy. (rN+++)
You regenerate slowly when monsters are visible.
You are immune to unholy pain and torment.
You can survive without breathing.


Message History

The large bag of meat is engulfed in roaring flames.
You hear a shout! x2
The bag of meat is engulfed in roaring flames. 3 orcs, an ogre and a vampire knight come into view.
The destroyer is wielding a +9 great sword of slicing.
You hear a shout! x2
The bag of meat closely misses you.
You hear a shout!
The bag of meat is engulfed in roaring flames.
The meat berserker rages.
The destroyer blinks!
The bag of meat is engulfed in roaring flames.
The bag of meat hits you with a +9 war axe!
* * * LOW HITPOINT WARNING * * *
The large bag of meat is engulfed in roaring flames.
The bag of meat moves out of view.
The Servant hits you with a +9 glaive of flaming!!!
* * * LOW HITPOINT WARNING * * *
The Servant burns you!!
You die...

.####....V##.#
#..............
#..........#.#.
#.............. .
#Oz.....o......
...#o.....o......
...o.Co@o..V%....
.....o.@oCo.§....
.......#ooo....#
.#.....#§§§....#
..o..###§§)....###..
..oO...§))###.......
o.#.....%))_))......
#.......#...).#.....
o......#_.<._# ...
......%#.....# .


You could see The Servant, 2 destroyers, a sculptor of flesh, 2 large bags of
meat, 2 meat berserkers and 16 bags of meat.

Vanquished Creatures
  3 vampire knights (D)
  10 ogres (D)
  A hydra (D)
  17 orcs (D)
  3 hill giants (D)
  A crawling corpse (D)
35 creatures vanquished.

Vanquished Creatures (others)
  A crawling corpse (D)
1 creature vanquished.

Grand Total: 36 creatures vanquished

Notes
Turn   | Place    | Note
-------+----------+-------------------------------------------
     0 | D        | igo the Ghoul Warper began the quest for the Orb.
     0 | D        | Reached XP level 1. HP: 17/17 MP: 2/2
     4 | D        | Noticed a bag of meat
     4 | D        | Became a worshipper of Makhleb the Destroyer
     5 | D        | Noticed a meat berserker
     5 | D        | Noticed a bag of meat
     5 | D        | Killed a bag of meat
     5 | D        | Reached XP level 2. HP: 47/47 MP: 2/15
     5 | D        | Reached XP level 3. HP: 53/53 MP: 2/17
     5 | D        | Reached XP level 4. HP: 61/61 MP: 2/18
     5 | D        | Reached XP level 5. HP: 68/68 MP: 2/20
     5 | D        | Reached XP level 6. HP: 75/75 MP: 2/21
     5 | D        | Reached XP level 7. HP: 82/82 MP: 2/23
     5 | D        | Reached XP level 8. HP: 90/90 MP: 2/24
     5 | D        | Reached XP level 9. HP: 96/96 MP: 2/25
     5 | D        | Reached XP level 10. HP: 104/104 MP: 2/26
     5 | D        | Reached XP level 11. HP: 111/111 MP: 2/27
     5 | D        | Reached XP level 12. HP: 118/118 MP: 2/28
     6 | D        | Noticed a bag of meat
     9 | D        | Noticed a meat berserker
     9 | D        | Noticed a bag of meat
     9 | D        | Killed a meat berserker
     9 | D        | Reached * piety under Makhleb
     9 | D        | Reached skill level 15 in Dodging
     9 | D        | Reached XP level 13. HP: 69/136 MP: 3/32
     9 | D        | Reached XP level 14. HP: 74/144 MP: 3/33
    10 | D        | Killed a bag of meat
    11 | D        | Noticed a meat berserker
    11 | D        | Killed a meat berserker
    11 | D        | Reached XP level 15. HP: 158/158 MP: 3/37
    11 | D        | Reached ** piety under Makhleb
    11 | D        | Reached XP level 16. HP: 169/169 MP: 3/39
    12 | D        | Noticed a meat berserker
    12 | D        | Killed a meat berserker
    13 | D        | Noticed a meat berserker
    14 | D        | Killed a meat berserker
    14 | D        | Reached XP level 17. HP: 171/185 MP: 4/42
    14 | D        | Reached *** piety under Makhleb
    16 | D        | Noticed a meat berserker
    17 | D        | Killed a meat berserker
    17 | D        | Reached skill level 27 in Fighting
    17 | D        | Reached skill level 10 in Throwing
    17 | D        | Reached skill level 10 in Armour
    17 | D        | Reached XP level 18. HP: 200/200 MP: 5/45
    19 | D        | Noticed a destroyer
    19 | D        | Noticed a meat berserker
    19 | D        | Killed a meat berserker
    19 | D        | Reached **** piety under Makhleb
    19 | D        | Reached XP level 19. HP: 207/207 MP: 5/48
    20 | D        | Noticed a destroyer
    21 | D        | Noticed a meat berserker
    21 | D        | Reached skill level 27 in Axes
    21 | D        | Reached skill level 27 in Spellcasting
    22 | D        | Reached skill level 27 in Dodging
    22 | D        | Reached skill level 15 in Throwing
    22 | D        | Reached skill level 15 in Armour
    23 | D        | Noticed a meat berserker
    23 | D        | Noticed a large bag of meat
    23 | D        | Killed a meat berserker
    23 | D        | Reached XP level 20. HP: 216/216 MP: 6/50
    23 | D        | Killed a destroyer
    23 | D        | Reached ***** piety under Makhleb
    25 | D        | Noticed a large bag of meat
    25 | D        | Reached XP level 21. HP: 224/224 MP: 7/51
    26 | D        | Killed a meat berserker
    26 | D        | Reached skill level 27 in Throwing
    26 | D        | Reached skill level 27 in Armour
    26 | D        | Reached skill level 10 in Stealth
    27 | D        | Killed a destroyer
    27 | D        | Reached XP level 22. HP: 233/233 MP: 7/52
    29 | D        | Noticed The Servant
    30 | D        | Reached skill level 27 in Stealth
    31 | D        | Reached ****** piety under Makhleb
    32 | D        | Noticed a destroyer
    32 | D        | Noticed a destroyer
    33 | D        | Reached XP level 23. HP: 240/240 MP: 9/53
    33 | D        | Killed a destroyer
    33 | D        | Reached skill level 27 in Unarmed Combat
    33 | D        | Reached skill level 27 in Invocations
    34 | D        | Reached XP level 24. HP: 249/249 MP: 9/53
    36 | D        | Noticed a destroyer
    36 | D        | Slain by The Servant

Skill      XL: |  1  2  3  4  5  6  7  8  9 10 11 12 13 14 15 16 17 18 19 20 21 22 23 |
---------------+----------------------------------------------------------------------+-----
Fighting       | 14 18 21 22 25 27 | 27.0
Axes           | 12 16 19 22 24 26 27 | 27.0
Throwing       | 4 6 7 8 9 10 11 19 25 27 | 27.0
Armour         | 4 6 7 8 9 10 11 19 25 27 | 27.0
Dodging        | 12 15 18 19 21 22 24 27 | 27.0
Spellcasting   | 13 16 19 20 22 24 26 27 | 27.0
Stealth        | 18 27 | 27.0
Unarmed Combat | 16 23 27 | 27.0
Invocations    | 16 23 27 | 27.0
Translocations | |  2.6

Action                   |  1- 3 |  4- 6 |  7- 9 | 10-12 | 13-15 | 16-18 | 19-21 | 22-24 || total
-------------------------+-------+-------+-------+-------+-------+-------+-------+-------++-------
Melee: Executioner's axe |     1 |       |       |     1 |     2 |     4 |     6 |     5 ||    19
Dodge: Dodged            |       |       |       |       |       |     1 |       |     1 ||     2
